 Dungeon Crawl Stone Soup version 0.30-a0-170-g85af917532 (webtiles) character file.

Game seed: 11557424033088373929

105 qw the Chopper (level 4, -2/28 HPs)
             Began as a Gargoyle Fighter on Sept 30, 2022.
             Slain by a gnoll
             ... wielding a +0 halberd
              (12 damage)
             ... on level 3 of the Dungeon.
             The game lasted 00:00:43 (1938 turns).

qw the Chopper (Gargoyle Fighter)                   Turns: 1938, Time: 00:00:43

Health: -2/28      AC: 10    Str: 22    XL:     4   Next: 83%
Magic:  4/4        EV:  9    Int:  8    God:
Gold:   122        SH:  4    Dex:  9    Spells: 3/3 levels left

rFire   . . .      SeeInvis .    Y - +0 war axe
rCold   . . .      Faith    .    c - +0 buckler
rNeg    + . .      Spirit   .    b - +0 scale mail
rPois   inf        Reflect  .    (no helmet)
rElec   +          Harm     .    (no cloak)
rCorr   .          Rampage  .    (no gloves)
Will    .....                    (no boots)
Stlth   ..........               (no amulet)
HPRegen 0.09/turn                (no ring)
MPRegen 0.09/turn                (no ring)

@: no status effects
A: sickness immunity, AC +3, negative energy resistance 1, electricity
resistance, torment resistance 1, petrification resistance
a: no special abilities


You were on level 3 of the Dungeon.
You visited 1 branch of the dungeon, and saw 3 of its levels.

You collected 122 gold pieces.


Innate Abilities, Weirdness & Mutations

You are immune to sickness and miasma.
Your stone body is resilient. (AC +3)
You are immune to poison.
You resist negative energy. (rN+)
You are resistant to electric shocks. (rElec)
You are resistant to unholy torment.
You are immune to petrification.


   Skills:
 - Level 3.2 Fighting
 + Level 4.1 Axes
 - Level 1.1 Throwing
 - Level 3.2 Armour
 - Level 3.2 Shields


You had 3 spell levels left.
You didn't know any spells.
Your spell library was empty.

Inventory:

Hand Weapons
 f - a +0 whip
 Y - a +0 war axe (weapon)
Missiles
 h - 3 javelins (quivered)
Armour
 a - a +0 chain mail
 b - a +0 scale mail (worn)
 c - a +0 buckler (worn)
Potions
 d - a potion of might
 g - a potion of attraction {unknown}
 i - a potion of curing

Dungeon Overview and Level Annotations

Branches:
Dungeon (3/15)

Altars:


Message History

You block the gnoll's attack.
You closely miss the white imp.
The white imp is heavily wounded.
You closely miss the gnoll. You block the white imp's attack.
The gnoll closely misses you. The gnoll hits you but does no damage.
You hit the white imp.
The white imp is severely wounded.
You hit the gnoll. You block the gnoll's attack. The gnoll closely misses you.
The white imp closely misses you.
You closely miss the white imp.
The white imp is severely wounded.
You hit the gnoll but do no damage. The gnoll closely misses you.
A gnoll comes into view. It is wielding a +0 halberd.
The gnoll hits you with a +0 club.
The white imp hits you but does no damage. x2
The gnoll hits you with a +0 club.
The gnoll hits you from afar with a +0 halberd.
You closely miss the white imp.
The white imp is severely wounded.
You barely miss the gnoll.
The gnoll shouts!
You block the white imp's attack. The gnoll barely misses you.
A gnoll comes into view. It is wielding a +0 spear.
The gnoll hits you but does no damage. x2
The gnoll shouts!
You hit the white imp.
The white imp is almost dead.
You hit the gnoll but do no damage. The gnoll closely misses you.
The gnoll throws a stone.
The stone misses you. The gnoll hits you but does no damage.
The white imp hits you but does no damage.
You hit the white imp.
You kill the white imp!
You slash the gnoll!
You kill the gnoll!
The gnoll hits you from afar with a +0 halberd!
You die...

..##.##..# #.#.#...#.# #.#
...###...# #.#.#.###.####.#
.........### ..
#..........# ...........#
.# #####.######
.####.##...# .#... #.#
#......# .#.# #.# ###..>%+
g.. #.#
##########)(.g###)#####.#.#
...........#.#g.@.......#.#
############.#.##.#######.#
#....# ####.#.# ...
##....###......# ####
.%......'......+
#########......# #......#
#......# #..^...#


You could see 3 gnolls.

Vanquished Creatures
  Natasha (D:3)
  A gnoll (D:3)
  4 adders
  A white imp (D:3)
  A dart slug (D:1)
  4 ball pythons
  3 endoplasms
  2 giant cockroaches
  A goblin (D:2)
  2 jackals (D:1)
  4 quokkas
  9 bats
  5 frilled lizards
  6 kobolds
  4 rats
48 creatures vanquished.

Notes
Turn   | Place    | Note
-------+----------+-------------------------------------------
     0 | D:1      | qw the Gargoyle Fighter began the quest for the Orb.
     0 | D:1      | Reached XP level 1. HP: 14/14 MP: 1/1
     0 | D:1      | 0 ||| qw: Version: 0.2-a-12-gaebbb33
     0 | D:1      | 0 ||| qw: Game counter: 1640
     0 | D:1      | 0 ||| qw: Always use a shield: true
     0 | D:1      | 0 ||| qw: God list: Okawaru
     0 | D:1      | 0 ||| qw: Allow faded altars: false
     0 | D:1      | 0 ||| qw: Do Orc after D:15 true
     0 | D:1      | 0 ||| qw: Do second Lair branch before Depths: true
     0 | D:1      | 0 ||| qw: Lair rune preference: random
     0 | D:1      | 0 ||| qw: Plans: Normal, Zot:1-4, God:TSO, Crypt, Tomb,
                  | Pan, Slime:5, Hells, Abyss, Orb
     0 | D:1      | 0 ||| PLANNING D:1-11
    52 | D:1      | Found a faded altar of an unknown god.
    66 | D:1      | Reached skill level 2 in Axes
    78 | D:1      | 78 ||| Stepping ~*~*~tactically~*~*~ (stealth).
   260 | D:1      | Reached XP level 2. HP: 16/19 MP: 2/2
   616 | D:1      | Reached skill level 3 in Axes
   708 | D:1      | 708 ||| READING scroll labelled KUNKAL XORUICO.
   709 | D:1      | 709 ||| READING scroll labelled BADUTO CICSI.
   722 | D:2      | 722 ||| STAIRDANCE
   744 | D:2      | 744 ||| STAIRDANCE
   752 | D:2      | 752 ||| STAIRDANCE
   774 | D:2      | Reached XP level 3. HP: 23/23 MP: 3/3
   859 | D:2      | Reached skill level 1 in Throwing
   988 | D:2      | 988 ||| Stepping ~*~*~tactically~*~*~ (stealth).
  1477 | D:2      | 1477 ||| READING scroll labelled WIECINT WUEDWE.
  1478 | D:2      | 1478 ||| DRINKING 2 fizzy clear potions.
  1479 | D:2      | 1479 ||| DRINKING 2 orange potions.
  1513 | D:2      | 1513 ||| Stepping ~*~*~tactically~*~*~ (stealth).
  1516 | D:2      | 1516 ||| Stepping ~*~*~tactically~*~*~ (stealth).
  1519 | D:2      | Reached XP level 4. HP: 28/28 MP: 4/4
  1769 | D:3      | Noticed Natasha
  1771 | D:3      | 1771 ||| Stepping ~*~*~tactically~*~*~ (hiding).
  1772 | D:3      | 1772 ||| Stepping ~*~*~tactically~*~*~ (hiding).
  1778 | D:3      | Killed Natasha
  1779 | D:3      | Reached skill level 4 in Axes
  1924 | D:3      | 1924 ||| Stepping ~*~*~tactically~*~*~ (hiding).
  1929 | D:3      | HP: 4/28 [white imp/puff of frost (7)]
  1930 | D:3      | 1930 ||| DRINKING potion of heal wounds.
  1938 | D:3      | Slain by a gnoll

Levels and vault maps discovered:
D:1:      dpeg_arrival_yet_another_circle, layout_rooms,
          hellmonk_ecumenical_altar_run_dry, minivault_27
D:2:      layout_loops_cross
D:3:      layout_basic, grunt_gozag_breadcrumbs, gammafunk_ghost_abyssal_escape,
          uniq_natasha

Skill      XL: |  1  2  3  4 |
---------------+-------------+-----
Axes           | 2 3 4 |  4.1
Throwing       | 1 |  1.1
Fighting       | |  3.2
Armour         | |  3.2
Shields        | |  3.2

Action                   |  1- 3 |  4- 6 || total
-------------------------+-------+-------++-------
Melee: War axe           |   106 |    38 ||   144
Throw: Javelin           |    27 |    10 ||    37
  Use: Scroll            |     3 |       ||     3
       Potion            |     2 |     1 ||     3
Armor: Scale mail        |    64 |    34 ||    98
Dodge: Dodged            |    61 |    25 ||    86
Block: Buckler           |    28 |    12 ||    40

Table legend:
 A = Non-vault XP
 B = Vault XP
 C = Vault XP percentage of total XP
 D = Non-vault monster count
 E = Vault monster count
 F = Vault count percentage of total count
                 A         B        C        D         E       F
            +---------+---------+-------+---------+---------+-------
      Total |     141 |      35 |  19.9 |      47 |       1 |   2.1
            +---------+---------+-------+---------+---------+-------
        D:1 |      32 |       0 |   0.0 |      20 |       0 |   0.0
        D:2 |      50 |       0 |   0.0 |      18 |       0 |   0.0
        D:3 |      59 |      35 |  37.2 |       9 |       1 |  10.0
            +---------+---------+-------+---------+---------+-------
